[Event "Team 45 45 League T67"]
[Site "Internet Chess Club"]
[Date "2015.12.15"]
[Round "2"]
[White "Bible-Believer"]
[Black "nosir"]
[Result "1/2-1/2"]
[WhiteElo "1523"]
[BlackElo "1456"]
[Opening "Sicilian defense"]
[ECO "B20"]
[Time "20:00:11"]
[TimeControl "2700+45"]

1. e4 c5 2. b3 d6 3. Bb2 Nd7 4. Nc3 Ngf6 5. Bb5 a6 6. Be2 e6 7. d3 Qc7 8. Nf3
Be7 9. O-O O-O 10. d4 cxd4 11. Nxd4 e5 12. Nf5 Nc5 13. Nxe7+ Qxe7 14. f3 Bd7 15.
Bc4 b5 16. Nd5 Nxd5 17. Bxd5 Ra7 18. Qd2 Be6 19. Rad1 Rd8 20. Rf2 h6 21. Qe3
Bxd5 22. Rxd5 Ne6 23. g3 Rad7 24. Rfd2 f6 25. Qb6 Nc7 26. R5d3 d5 27. Qc6 Qd6
28. Qxd6 Rxd6 29. Ba3 R6d7 30. Bc5 Kf7 31. Bb6 d4 32. c3 Rb8 33. Bxc7 Rxc7 34.
cxd4 Rbc8 35. d5 Rc2 36. Kf2 Ke7 37. Ke3 Kd6 38. Rxc2 Rxc2 39. Rd2 Rc3+ 40. Ke2
b4 41. Rd3 Rc2+ {Game drawn by mutual agreement} 1/2-1/2

[Event "Team 45 45 League T67"]
[Site "Internet Chess Club"]
[Date "2015.12.13"]
[Round "2"]
[White "g8wrb"]
[Black "chesskix"]
[Result "0-1"]
[WhiteElo "1253"]
[BlackElo "1526"]
[Opening "Sicilian: Alapin's variation (2.c3)"]
[ECO "B22"]
[Time "15:01:22"]
[TimeControl "2700+45"]

1. e4 c5 2. c3 Nc6 3. d4 b6 4. d5 Ne5 5. Nf3 d6 6. Be2 g6 7. O-O Bg7 8. Bg5 Nf6
9. Re1 O-O 10. Qc2 Bd7 11. Nbd2 b5 12. Rac1 Nfg4 13. b3 f6 14. Nxe5 Nxe5 15. Bf4
a6 16. Bxe5 fxe5 17. c4 b4 18. Qd1 Qc8 19. h3 Bh6 20. Rc2 Bf4 21. Rf1 Bxh3 22.
gxh3 Qxh3 23. Nf3 Qg4+ 24. Kh1 Qh3+ 25. Kg1 Bh6 26. Nh2 Bf4 27. Nf3 g5 28. Re1
g4 29. Bf1 Qh5 30. Bg2 gxf3 31. Bxf3 Qh2+ 32. Kf1 Rf6 33. Bg2 Rg6 34. f3 Rf8 35.
Qe2 Rf7 36. Rb1 Rfg7 37. Rbb2 Kh8 38. Qf2 Rxg2 39. Qxg2 Rxg2 40. Rxg2 Qh1+ 41.
Rg1 Qxf3+ 42. Rf2 Qxe4 43. Rg4 Qb1+ 44. Kg2 Qe4+ 45. Kf1 Qd3+ 46. Kg2 h5 47.
Rgxf4 exf4 48. Rxf4 Qd2+ 49. Rf2 Qg5+ 50. Kh2 h4 51. Rg2 Qf4+ 52. Kh3 Qf3+ 53.
Kh2 h3 54. Rg3 Qf2+ 55. Kxh3 Qxa2 56. Kg4 Qe2+ 57. Kh3 Qd1 58. Kh2 Qc2+ 59. Kh3
Kh7 60. Kh4 Kh6 61. Kh3 Kh5 62. Rf3 Kg5 63. Kg3 Qd1 64. Kg2 Qe2+ 65. Kg3 Qe1+
66. Kg2 Kg4 67. Rf2 Qe4+ 68. Kg1 Kg3 69. Rf3+ Kxf3 {White resigns} 0-1

[Event "Team 45 45 League T67"]
[Site "Internet Chess Club"]
[Date "2015.12.11"]
[Round "2"]
[White "kingsrook"]
[Black "SeniorCitizen"]
[Result "0-1"]
[WhiteElo "1364"]
[BlackElo "1338"]
[Opening "QGD: exchange variation"]
[ECO "D35"]
[Time "15:00:53"]
[TimeControl "2700+45"]

1. d4 d5 2. c4 e6 3. Nc3 Nf6 4. cxd5 Nxd5 5. e4 Nb6 6. Nf3 Be7 7. Bd3 O-O 8. Qe2
a6 9. h4 f5 10. exf5 exf5 11. h5 Bf6 12. Be3 Nc6 13. d5 Ne5 14. O-O-O Qd6 15.
Nxe5 Bxe5 16. g3 f4 17. gxf4 Bxf4 18. Kb1 Bxe3 19. fxe3 Qe5 20. Rdf1 Bd7 21. e4
c6 22. dxc6 Bxc6 23. Rhg1 Rae8 24. Qg2 Re7 25. h6 g6 26. Qg5 Rxf1+ 27. Bxf1
Bxe4+ 28. Ka1 Bf5 29. Be2 Kh8 30. a3 Nd5 31. Qd2 Nxc3 32. Qxc3 Qxc3 33. bxc3
Rxe2 34. Rd1 Kg8 35. c4 Kf7 36. c5 Rc2 37. Rd5 Be6 38. Re5 Kf6 39. c6 Rxc6 40.
Re1 Kg5 41. Rb1 b6 42. Rh1 b5 43. Kb2 a5 44. Rh2 Bf5 45. Kb3 Kf6 46. Re2 g5 47.
Rf2 Kg6 48. Rh2 Be6+ 49. Kb2 Bf5 50. Rf2 Rc2+ 51. Rxc2 Bxc2 52. Kxc2 g4 53. Kd2
Kf5 54. Ke2 Kf4 55. Kf2 g3+ 56. Kg2 b4 {White resigns} 0-1

[Event "Team 45 45 League T67"]
[Site "Internet Chess Club"]
[Date "2015.12.15"]
[Round "2"]
[White "Hal2001"]
[Black "krysto"]
[Result "1-0"]
[WhiteElo "1661"]
[BlackElo "1580"]
[Opening "French: Two knights variation"]
[ECO "C00"]
[Time "19:03:34"]
[TimeControl "2700+45"]

1. e4 e6 2. Nc3 d5 3. Nf3 Nf6 4. e5 Nfd7 5. d4 c5 6. dxc5 Bxc5 7. Bd3 Nc6 8. Bf4
Qb6 9. O-O Qxb2 10. Nb5 O-O 11. Bxh7+ Kxh7 12. Ng5+ Kg6 13. Qd3+ f5 14. exf6+
Kxf6 15. Nh7+ Ke7 16. Nxf8 Nxf8 17. Bd2 Nb4 18. Qg3 Bd7 19. Rab1 Qxc2 20. Bxb4
Bxb5 21. Rfc1 Qd3 22. Bxc5+ Kf7 23. Qxd3 Bxd3 24. Rxb7+ Kf6 25. Bxf8 Rxf8 26.
Rxa7 g6 27. a4 Rb8 28. a5 Kf5 29. Ra1 e5 30. a6 Kf6 31. Rb7 {Black resigns} 1-0

[Event "Team 45 45 League T67"]
[Site "Internet Chess Club"]
[Date "2015.12.13"]
[Round "2"]
[White "QuimCatala"]
[Black "ChessMaine"]
[Result "1-0"]
[WhiteElo "1459"]
[BlackElo "1519"]
[Opening "French: advance variation"]
[ECO "C02"]
[Time "18:04:22"]
[TimeControl "2700+45"]

1. e4 e6 2. d4 d5 3. e5 c5 4. c3 Qb6 5. Nf3 Nc6 6. Be2 cxd4 7. cxd4 Bd7 8. O-O
Nge7 9. Nc3 Nf5 10. Rb1 Nfxd4 11. Be3 Nxe2+ 12. Qxe2 Bc5 13. Na4 Qa6 14. Qxa6
bxa6 15. Bxc5 Nxe5 16. Nxe5 Bxa4 17. b3 Bb5 18. Rfe1 a5 19. a4 Ba6 20. f4 f6 21.
Ng4 Kf7 22. Ne3 Rhd8 23. Bd4 Rd7 24. b4 axb4 25. Rxb4 Rc8 26. Rb3 Rdc7 27. a5
Bb7 28. Bxa7 Ra8 29. Bb6 Rc6 30. f5 Re8 31. fxe6+ Rcxe6 32. Rc1 Kg8 33. Kf2 Ba6
34. Rd1 Bc4 35. Rc3 Re5 36. Bd4 Rh5 37. h3 Ra8 38. Bb6 Rc8 39. Nxc4 dxc4 40.
Rd8+ Rxd8 41. Bxd8 Rc5 42. Bb6 Rc6 43. g4 Kf7 44. Kf3 g5 45. Ke4 Ke6 46. Kd4
{Black resigns} 1-0

[Event "Team 45 45 League T67"]
[Site "Internet Chess Club"]
[Date "2015.12.14"]
[Round "2"]
[White "seattleblues"]
[Black "tamky70"]
[Result "1-0"]
[WhiteElo "1420"]
[BlackElo "1322"]
[Opening "Modern defense"]
[ECO "A40"]
[Time "20:08:58"]
[TimeControl "2700+45"]

1. d4 g6 2. Nf3 Bg7 3. Bf4 Nf6 4. e3 O-O 5. Be2 d6 6. O-O Nbd7 7. c4 c5 8. Nc3
a6 9. a4 Re8 10. Rb1 h6 11. h3 Nf8 12. Bd3 Ne6 13. Bh2 Ng5 14. Nxg5 hxg5 15. Be2
Bf5 16. Bd3 Qc8 17. Bxf5 gxf5 18. Qf3 cxd4 19. exd4 f4 20. b3 b6 21. Rfe1 Ra7
22. Ne4 Nxe4 23. Qxe4 f5 24. Qd5+ Kh8 25. Re6 Qa8 26. Qxf5 Qc8 27. d5 Bf6 28. h4
Rg8 29. Rbe1 Qf8 30. Qd3 Qg7 31. hxg5 Qxg5 32. Qh3+ Kg7 33. Qf3 Kf7 34. Bxf4 Qg4
35. Qxg4 Rxg4 36. g3 Rg8 37. Kg2 Raa8 38. Rh1 Rh8 39. Ree1 Rag8 40. Rh2 Rxh2+
41. Kxh2 Rh8+ 42. Kg2 Bd4 43. Be3 Bc5 44. Bxc5 bxc5 45. Rh1 Rxh1 46. Kxh1 e6 47.
dxe6+ Kxe6 48. Kg2 d5 49. cxd5+ Kxd5 50. Kf3 Ke5 51. g4 a5 52. Ke3 {Black
resigns} 1-0

[Event "Team 45 45 League T67"]
[Site "Internet Chess Club"]
[Date "2015.12.12"]
[Round "2"]
[White "Fogbound"]
[Black "Conjurer"]
[Result "0-1"]
[WhiteElo "1306"]
[BlackElo "1150"]
[Opening "Queen's pawn: London system"]
[ECO "A45"]
[Time "12:03:50"]
[TimeControl "2700+45"]

1. d4 Nf6 2. Bf4 d5 3. e3 e6 4. Bd3 c5 5. c3 Nc6 6. Nf3 Be7 7. Nbd2 Nh5 8. Bg3
O-O 9. O-O Nxg3 10. hxg3 Qc7 11. e4 c4 12. Bc2 Qb6 13. Rb1 Re8 14. e5 a5 15. Nh2
Bg5 16. Qh5 Bxd2 17. Qxh7+ Kf8 18. Qh8+ Ke7 19. Qxg7 Rf8 20. Ng4 Qd8 21. Qf6+
Ke8 22. Qg7 Bg5 23. Nf6+ Bxf6 24. exf6 e5 25. Rfe1 Be6 26. f4 e4 27. Bxe4 dxe4
28. Rxe4 Kd7 29. Rbe1 Rg8 30. Qh6 Qf8 31. Qh5 Rh8 32. Qb5 Qd6 33. Qxb7+ Qc7 34.
Qb5 Rab8 35. Qa4 Qd6 36. Rd1 Bd5 37. Re7+ Kd8 38. Rde1 Nxe7 39. Qxa5+ Kd7 40.
Rxe7+ Kc8 41. Qa4 Be6 42. Ra7 Qb6 43. Ra6 Qb5 44. Rc6+ Kd7 45. Ra6 Qxa4 46. Rxa4
Rxb2 47. Ra7+ Kc6 48. Ra5 Bd5 49. Rc5+ Kd6 50. a4 Rxg2+ 51. Kf1 Rh1# {White
checkmated} 0-1

[Event "Team 45 45 League T67"]
[Site "Internet Chess Club"]
[Date "2015.12.14"]
[Round "2"]
[White "SeniorCitizen"]
[Black "GideonL"]
[Result "1-0"]
[WhiteElo "1351"]
[BlackElo "1441"]
[Opening "Danish gambit"]
[ECO "C21"]
[Time "10:00:17"]
[TimeControl "2700+45"]

1. e4 e5 2. d4 exd4 3. c3 dxc3 4. Bc4 cxb2 5. Bxb2 Bb4+ 6. Nd2 f6 7. Nf3 Ne7 8.
e5 Bxd2+ 9. Qxd2 fxe5 10. Nxe5 d5 11. O-O-O c6 12. Qf4 Be6 13. Nf3 Rf8 14. Qe5
Bg4 15. Bd3 Bxf3 16. gxf3 g6 17. Rhg1 Nd7 18. Qg7 Rc8 19. Qxh7 Nf6 20. Bxg6+
Nxg6 21. Qxg6+ Kd7 22. Qf5+ Kc7 23. Rg7+ Kb8 24. Re1 Ng8 25. Qh7 Nf6 {Black
resigns} 1-0

[Event "Team 45 45 League T67"]
[Site "Internet Chess Club"]
[Date "2015.12.14"]
[Round "2"]
[White "joaoazm"]
[Black "Conjurer"]
[Result "1-0"]
[WhiteElo "1157"]
[BlackElo "1129"]
[Opening "Van't Kruijs opening"]
[ECO "A00"]
[Time "20:12:35"]
[TimeControl "2700+45"]

1. e3 Nf6 2. Nf3 e6 3. Nc3 c5 4. g3 d5 5. d4 cxd4 6. Nxd4 Nc6 7. Bb5 Bd7 8. Bxc6
bxc6 9. O-O Bd6 10. Re1 O-O 11. Nf3 e5 12. e4 Bg4 13. Qd3 d4 14. Ne2 Qa5 15. c3
Bc5 16. b4 Bxb4 17. cxb4 Qxb4 18. Bd2 Qb2 19. Reb1 Qxd2 20. Qxd2 Bxf3 21. h3
Nxe4 22. Qd3 Bxe2 23. Qxe4 d3 24. Rb2 Rfd8 25. Rd2 f6 26. Rc1 Rac8 27. Rxc6 Rxc6
28. Qxc6 f5 29. Qe6+ Kh8 {Black resigns} 1-0

[Event "Team 45 45 League T67"]
[Site "Internet Chess Club"]
[Date "2015.12.13"]
[Round "2"]
[White "WilmaP"]
[Black "oldbookseller"]
[Result "1-0"]
[WhiteElo "1221"]
[BlackElo "1059"]
[Opening "Two knights defense (Modern bishop's opening)"]
[ECO "C55"]
[Time "13:00:31"]
[TimeControl "2700+45"]

1. e4 e5 2. Nf3 Nc6 3. Bc4 Nf6 4. d3 d6 5. c3 Be7 6. Ng5 O-O 7. O-O Qe8 8. d4
exd4 9. cxd4 h6 10. d5 Ne5 11. Nd2 Nfg4 12. Ngf3 Qd8 13. b3 Bh4 14. g3 Bf6 15.
Bb2 Qd7 16. Nxe5 dxe5 17. Nf3 Nxh2 18. Nxe5 Qh3 19. Re1 Bg4 20. Nxg4 Nxg4 21.
Qxg4 Qxg4 22. Bxf6 gxf6 23. Be2 Qxe4 24. Bc4 Qd4 25. Rad1 Qc5 26. Re4 f5 27. Rh4
Qd6 28. Kg2 Rae8 29. Rdh1 Qe5 30. Rxh6 Qe4+ 31. Kg1 Qb1+ 32. Kg2 Qxa2 33. R1h5
f4 34. Rg5# {Black checkmated} 1-0

[Event "Team 45 45 League T67"]
[Site "Internet Chess Club"]
[Date "2015.12.12"]
[Round "2"]
[White "mongmong"]
[Black "Electryon"]
[Result "1-0"]
[WhiteElo "1635"]
[BlackElo "1394"]
[Opening "Queen's pawn"]
[ECO "A40"]
[Time "21:00:43"]
[TimeControl "2700+45"]

1. d4 e6 2. Nf3 f5 3. g3 Nf6 4. Bg2 d5 5. O-O Bd6 6. Bf4 O-O 7. Nbd2 b6 8. c4 c6
9. cxd5 exd5 10. Bxd6 Qxd6 11. Ne5 Nbd7 12. Ndf3 Bb7 13. Rc1 Ne4 14. Nxd7 Qxd7
15. Ne5 Qe6 16. f4 Rac8 17. Bxe4 fxe4 18. e3 Qh3 19. Qg4 Qxg4 20. Nxg4 c5 21.
Ne5 cxd4 22. exd4 b5 23. Kf2 a6 24. Ke3 Rxc1 25. Rxc1 Rc8 26. Rxc8+ Bxc8 27. Nc6
Kf7 28. b4 Kf6 29. h4 h6 30. a3 g5 31. hxg5+ hxg5 32. Kf2 gxf4 33. gxf4 Bb7 34.
Na5 Ba8 35. Nb3 Bb7 36. Na5 Ba8 37. Ke3 Kf5 38. Nb3 Bb7 39. Nc5 Bc8 40. a4 bxa4
41. Nxa4 Bd7 42. Nc5 Bb5 43. Nb3 Bc6 44. Nc5 Bb5 45. Nb7 Bc6 46. Nd8 Ba8 47. Nf7
Ke6 48. Ne5 Kf5 49. Nd7 Bc6 50. Nf8 Bb5 51. Nh7 Kg6 52. Ng5 Kf5 53. Nh3 Bf1 54.
Nf2 Bb5 55. Nh1 Bc4 56. Ng3+ Kf6 57. Nh5+ Kg6 58. Ng3 Kf6 59. Nh1 Bb5 60. Nf2
Kf5 61. Nd1 Bc4 62. Nc3 Kg4 63. Nxe4 dxe4 64. Kxe4 Bb5 65. f5 Kg5 66. Ke5 Bc4
67. d5 Bd3 68. f6 Kg6 69. Ke6 Bf5+ 70. Ke7 Bd7 71. f7 {Black resigns} 1-0

[Event "Team 45 45 League T67"]
[Site "Internet Chess Club"]
[Date "2015.12.14"]
[Round "2"]
[White "Aquaman"]
[Black "rhayder"]
[Result "0-1"]
[WhiteElo "1317"]
[BlackElo "1390"]
[Opening "English, 1...Nf6 (Anglo-Indian defense)"]
[ECO "A15"]
[Time "21:16:23"]
[TimeControl "2700+45"]

1. c4 Nf6 2. g3 g6 3. Bg2 Bg7 4. Nf3 O-O 5. O-O d6 6. d3 c5 7. Nc3 Nc6 8. Bd2 a5
9. a3 Bd7 10. h3 Qc8 11. Kh2 Nd8 12. Rb1 Rb8 13. Bg5 Ne6 14. Bxf6 Bxf6 15. Nd5
b5 16. Nxf6+ exf6 17. Nd2 b4 18. axb4 axb4 19. Ne4 f5 20. Nf6+ Kg7 21. Nxd7 Qxd7
22. e3 Nc7 23. b3 d5 24. Ra1 dxc4 25. dxc4 Qxd1 26. Rfxd1 Rbd8 27. Rf1 Ne6 28.
Bd5 Ng5 29. h4 Ne4 30. Kg2 Nd2 31. Rfd1 Ne4 32. Bxe4 fxe4 33. Re1 Ra8 34. Rxa8
Rxa8 35. Rb1 Ra3 36. f3 exf3+ 37. Kxf3 f5 38. e4 Kf6 39. Kf4 Ke6 40. exf5+ gxf5
41. Re1+ Kf6 42. Re3 Kg6 43. Ke5 Ra8 44. Kd5 Rc8 45. Re6+ Kh5 46. Re3 Kg4 47.
Rd3 Rd8+ 48. Kxc5 Rxd3 49. Kxb4 Rxg3 50. c5 Kxh4 51. c6 Rg7 52. Kb5 f4 53. Kb6
f3 54. c7 Rxc7 {White resigns} 0-1

[Event "Team 45 45 League T67"]
[Site "Internet Chess Club"]
[Date "2015.12.13"]
[Round "2"]
[White "stantheman59"]
[Black "artspir"]
[Result "1-0"]
[WhiteElo "1267"]
[BlackElo "1190"]
[Opening "Caro-Kann: advance variation"]
[ECO "B12"]
[Time "15:02:03"]
[TimeControl "2700+45"]

1. e4 c6 2. d4 d5 3. e5 Bf5 4. Nf3 e6 5. Bd3 Bxd3 6. Qxd3 Nd7 7. Nc3 Ne7 8. Bg5
Qb6 9. Na4 Qa5+ 10. Nc3 Ng6 11. Bd2 Qc7 12. a3 Be7 13. b4 a6 14. O-O O-O 15. Ne2
f6 16. Nf4 Nxf4 17. Bxf4 fxe5 18. Bxe5 Bd6 19. Ng5 Rf5 20. Nxe6 Nxe5 21. Nxc7
Nxd3 22. Nxa8 Nf4 23. Rfe1 Rf8 24. Nb6 Ng6 25. g3 Bc7 26. Nd7 Rd8 27. Nc5 Nf8
28. Nxb7 Rb8 29. Nc5 Bb6 30. Nxa6 Rd8 31. Nc5 Bxc5 32. bxc5 Nd7 33. a4 Nb8 34.
Rab1 Na6 35. Rb6 Nb8 36. a5 Rd7 37. Rxb8+ Kf7 38. a6 {Black resigns} 1-0

[Event "Team 45 45 League T67"]
[Site "Internet Chess Club"]
[Date "2015.12.14"]
[Round "2"]
[White "RobertBuice"]
[Black "chips"]
[Result "0-1"]
[WhiteElo "1139"]
[BlackElo "1191"]
[Opening "Queen's pawn: English defense"]
[ECO "A40"]
[Time "09:00:53"]
[TimeControl "2700+45"]

1. d4 b6 2. Nf3 Bb7 3. Nc3 Bxf3 4. gxf3 c6 5. e4 d6 6. Be3 c5 7. d5 Nf6 8. Bb5+
Nbd7 9. Qe2 g6 10. Bc6 Rb8 11. Qa6 Bg7 12. Nb5 O-O 13. Qxa7 Ne5 14. O-O-O Nxf3
15. Nc3 Ng4 16. Rdf1 Ngxh2 17. Rd1 Ng4 18. Rh4 Nxh4 19. Bg5 Bf6 20. Bxh4 Bxh4
21. f3 Bg5+ 22. Kb1 Ne5 23. Qa4 Nxf3 24. Bb5 Ra8 25. Qc4 Nd2+ {White resigns}
0-1

[Event "Team 45 45 League T67"]
[Site "Internet Chess Club"]
[Date "2015.12.11"]
[Round "2"]
[White "mejker"]
[Black "lacibacsi"]
[Result "1/2-1/2"]
[WhiteElo "1921"]
[BlackElo "2067"]
[Opening "Queen's pawn: London system"]
[ECO "A45"]
[Time "15:00:40"]
[TimeControl "2700+45"]

1. d4 Nf6 2. Bf4 g6 3. e3 Bg7 4. Nf3 O-O 5. Be2 d6 6. O-O c5 7. c3 Qb6 8. Nbd2
cxd4 9. cxd4 Nc6 10. Nc4 Qd8 11. Rc1 Nh5 12. Bg5 h6 13. Bh4 g5 14. Nfd2 gxh4 15.
Bxh5 d5 16. Na3 e5 17. dxe5 Bxe5 18. Qb3 h3 19. g3 Qg5 20. Bf3 Be6 21. Qxb7 Ne7
22. Qa6 Bxb2 23. Rc2 Be5 24. Rfc1 h5 25. Qe2 h4 26. Nb5 hxg3 27. hxg3 Nf5 28. e4
dxe4 29. Nxe4 Qg7 30. Nc5 Rae8 31. Nxe6 Rxe6 32. Qd3 Rf6 33. Be4 Nd6 34. Nxd6
Rxd6 35. Qe2 Bf4 36. Rb1 Rfd8 37. Kh2 Rd2 38. Rxd2 Rxd2 39. Rb8+ Bxb8 40. Qxd2
Qf6 41. Qc2 Be5 42. Kxh3 Bd4 43. Kg2 Kg7 44. Qe2 {Game drawn by mutual
agreement} 1/2-1/2

[Event "Team 45 45 League T67"]
[Site "Internet Chess Club"]
[Date "2015.12.10"]
[Round "2"]
[White "THE-WARRIOR"]
[Black "CaptK"]
[Result "1/2-1/2"]
[WhiteElo "1675"]
[BlackElo "1891"]
[Opening "King's Indian defense, 3.Nc3"]
[ECO "E61"]
[Time "09:00:27"]
[TimeControl "2700+45"]

1. d4 Nf6 2. c4 g6 3. Nc3 Bg7 4. Nf3 d6 5. e3 O-O 6. Bd3 Nbd7 7. O-O e5 8. Ng5
b6 9. Nge4 Bb7 10. Nxf6+ Nxf6 11. d5 c6 12. e4 c5 13. Bg5 h6 14. Bd2 Nh5 15. Qc1
Kh7 16. Qd1 Nf4 17. Bc2 Bc8 18. Kh1 g5 19. g3 Ng6 20. Rb1 a5 21. f3 f5 22. Qe2
f4 23. g4 Ne7 24. a3 Kg6 25. Kg2 Rh8 26. Rh1 h5 27. h3 hxg4 28. hxg4 Bd7 29. Ba4
Qc7 30. Bxd7 Qxd7 31. Nb5 Bh6 32. Bc3 Rh7 33. b4 axb4 34. axb4 Bg7 35. Rxh7 Kxh7
36. bxc5 bxc5 37. Qb2 Nc8 38. Ra1 Qb7 39. Kg1 Rxa1+ 40. Qxa1 Bf8 41. Bxe5 dxe5
42. Qxe5 Qg7 43. Qf5+ Kh8 44. Qxc8 Qa1+ 45. Kg2 Qb2+ 46. Kh3 Qf2 47. Qxf8+ Kh7
{Game drawn by mutual agreement} 1/2-1/2

[Event "Team 45 45 League T67"]
[Site "Internet Chess Club"]
[Date "2015.12.10"]
[Round "2"]
[White "JefferyChess"]
[Black "Tobiasdelmonte"]
[Result "0-1"]
[WhiteElo "1899"]
[BlackElo "1827"]
[Opening "Alekhine's defense"]
[ECO "B03"]
[Time "23:03:22"]
[TimeControl "2700+45"]

1. e4 Nf6 2. e5 Nd5 3. d4 d6 4. c4 Nb6 5. Nf3 dxe5 6. Nxe5 N8d7 7. Bf4 Nxe5 8.
Bxe5 Nd7 9. Bg3 g6 10. Nc3 Bg7 11. Nb5 e5 12. Qe2 O-O 13. Bxe5 Nxe5 14. dxe5
Bxe5 15. Rd1 Qf6 16. Qc2 c6 17. Nc3 Bf5 18. Bd3 Bxc3+ 19. Qxc3 Rfe8+ 20. Be2 Qe6
21. Qe3 Qf6 22. Qc3 Qe6 23. Qe3 Qxe3 24. fxe3 Rxe3 25. Kf2 Rae8 26. Bf3 h5 27.
Rhe1 Rxe1 28. Rxe1 Rxe1 29. Kxe1 Kf8 30. Kd2 Ke7 31. b4 Kd6 32. c5+ Ke5 33. Ke3
Be6 34. a4 a6 35. a5 Bc4 36. g3 f6 37. h4 Bf1 38. Kf2 Bc4 39. Ke3 Bd5 40. Be2
Bh1 41. Bc4 Bd5 42. Be2 Bf7 43. Bf3 g5 44. hxg5 fxg5 45. Bg2 Be6 46. Bf3 h4 47.
gxh4 gxh4 48. b5 Bd5 49. Bg4 cxb5 50. Bh3 Bc6 51. Kd3 Kd5 52. Kc3 Kxc5 53. Kb3
Bd5+ {White resigns} 0-1

[Event "Team 45 45 League T67"]
[Site "Internet Chess Club"]
[Date "2015.12.12"]
[Round "2"]
[White "Gojira"]
[Black "pokerram"]
[Result "1-0"]
[WhiteElo "1715"]
[BlackElo "1680"]
[Opening "Queen's pawn: London system"]
[ECO "A45"]
[Time "15:00:17"]
[TimeControl "2700+45"]

1. d4 Nf6 2. Bf4 g6 3. e3 Bg7 4. Be2 O-O 5. Nf3 d6 6. h3 c5 7. c3 Qb6 8. Qb3 Be6
9. dxc5 dxc5 10. Qxb6 axb6 11. Nbd2 Nbd7 12. O-O Rfc8 13. a4 Bd5 14. Ne5 Nxe5
15. Bxe5 Ne4 16. Bxg7 Nxd2 17. Rfd1 Kxg7 18. Rxd2 Bb3 19. Bd1 Bxa4 20. Rxa4 Rxa4
21. Bxa4 Ra8 22. b3 Ra5 23. c4 e6 24. Rd7 b5 25. Bxb5 Ra1+ 26. Kh2 Rb1 27. Ba4
Rb2 28. Kg3 {Black resigns} 1-0

[Event "Team 45 45 League T67"]
[Site "Internet Chess Club"]
[Date "2015.12.17"]
[Round "2"]
[White "alexping"]
[Black "LittleButton"]
[Result "1-0"]
[WhiteElo "1953"]
[BlackElo "1860"]
[Opening "Queen's gambit declined"]
[ECO "D30"]
[Time "13:03:38"]
[TimeControl "2700+45"]

1. d4 d5 2. c4 e6 3. Nf3 a6 4. e3 Nf6 5. Be2 dxc4 6. Bxc4 c5 7. O-O b5 8. Be2
Bb7 9. b3 Be7 10. a4 b4 11. Bb2 Nbd7 12. Nbd2 O-O 13. Re1 cxd4 14. exd4 Nb6 15.
Rc1 Nbd5 16. Bd3 Rc8 17. Nc4 Nc3 18. Rxc3 bxc3 19. Bxc3 Nd5 20. Ba5 Qd7 21. Nfe5
Qe8 22. Qh5 f5 23. Qd1 Rf6 24. Be2 Nf4 25. Bf3 Bxf3 26. Qxf3 Ng6 27. Qd3 Nf4 28.
Qf3 Nd5 29. Bd2 Rb8 30. Na5 Bb4 31. Nec4 Bxd2 32. Nxd2 Qd8 33. Nc6 Qb6 34. Nxb8
Qxb8 35. Qd3 Rh6 36. h3 Nb4 37. Qc4 Qd6 38. Qc8+ Kf7 39. Nf3 Nd3 40. Re3 Nf4 41.
Ne5+ Kf6 42. Qb7 Qe7 43. Qxa6 Qc7 44. Qc4 Qb7 45. Rf3 g5 46. Qc5 Kg7 47. Nc6 Nd5
48. b4 Qc7 49. a5 g4 50. Rg3 Kf6 51. hxg4 f4 52. g5+ Kf5 53. Qc2# {Black
checkmated} 1-0

[Event "Team 45 45 League T67"]
[Site "Internet Chess Club"]
[Date "2015.12.11"]
[Round "2"]
[White "hudson"]
[Black "bobhill"]
[Result "1/2-1/2"]
[WhiteElo "1746"]
[BlackElo "1957"]
[Opening "Sicilian: Alapin's variation (2.c3)"]
[ECO "B22"]
[Time "23:00:21"]
[TimeControl "2700+45"]

1. e4 c5 2. c3 d5 3. exd5 Qxd5 4. d4 Nf6 5. Nf3 Bg4 6. Be2 e6 7. h3 Bh5 8. O-O
Be7 9. Be3 cxd4 10. cxd4 O-O 11. Nc3 Qa5 12. a3 Nd5 13. Nxd5 Qxd5 14. Rc1 Nc6
15. Bc4 Qd8 16. g4 Bg6 17. Ne5 Rc8 18. Nxg6 hxg6 19. d5 Ne5 20. Ba2 Rxc1 21.
Bxc1 exd5 22. Bxd5 b6 23. Qb3 Bd6 24. Be3 Qh4 25. Bf4 Qf6 26. Bg3 g5 27. Qc3 Rd8
28. Re1 Nxg4 29. hxg4 Qxc3 30. bxc3 Bxg3 31. c4 Bd6 32. a4 g6 33. Kg2 Kg7 34. f3
Rh8 35. Rh1 Re8 36. Be4 Bf4 37. Rd1 Re7 38. Rd8 Rc7 39. Bd5 Kf6 40. Re8 Bd6 41.
Re4 Rc8 42. Re1 Bf4 43. Rh1 Re8 44. Rh7 Re2+ 45. Kf1 Re7 46. Kg2 Be3 47. Kg3 Bc5
48. Kg2 a5 49. Kf1 Bb4 50. Kf2 Bc3 51. Kf1 Bd4 52. Kg2 Be3 53. Kf1 Bc5 54. Kg2
Ke5 55. Rxf7 Kd4 56. Rxe7 Bxe7 57. Kf2 Kc3 58. Ke3 Kb4 59. Bc6 Kxc4 60. Ke4 Bd6
61. Bb5+ Kc5 62. Be8 Bf4 63. Bb5 Kb4 64. Be8 Kc3 65. Bb5 Bc7 66. Be8 Kc4 67.
Bb5+ Kc5 68. Be8 Bf4 69. Bb5 Kd6 70. Be8 Bg3 71. Bb5 Ke7 72. Kd5 Kf6 73. Kc6 Bf2
74. Kd5 Bc5 75. Be8 Be3 76. Bb5 Ke7 77. Bd3 Kf6 78. Bb5 Bf2 79. Be8 Bg1 80. Bb5
Ke7 81. Bd3 Kf7 82. Bb5 Be3 83. Bd3 Bf4 84. Bb5 Ke7 85. Bd3 Kf7 86. Bb5 Kf6 87.
Be8 Be3 88. Bb5 Ke7 89. Bd3 Kf6 {Game drawn by mutual agreement} 1/2-1/2

[Event "Team 45 45 League T67"]
[Site "Internet Chess Club"]
[Date "2015.12.10"]
[Round "2"]
[White "kanishka"]
[Black "Bryant-L"]
[Result "0-1"]
[WhiteElo "1700"]
[BlackElo "1763"]
[Opening "French: exchange variation"]
[ECO "C01"]
[Time "10:02:06"]
[TimeControl "2700+45"]

1. e4 e6 2. d4 d5 3. exd5 exd5 4. Nf3 Nf6 5. h3 Nc6 6. c3 Bd6 7. Bd3 O-O 8. O-O
Be6 9. Ng5 Qd7 10. Re1 Rae8 11. Nxe6 fxe6 12. Be3 e5 13. dxe5 Nxe5 14. Bf1 Qf7
15. Nd2 Nfd7 16. b3 Bc5 17. Bxc5 Nxc5 18. f3 c6 19. Re3 Ng6 20. Rxe8 Rxe8 21. b4
Nd7 22. Bd3 Nf4 23. Qf1 Ne5 24. Bc2 Qf6 25. Re1 Qg5 26. Kh2 Nxh3 27. gxh3 Qxd2+
28. Kh1 Qxc2 29. f4 Qxc3 30. fxe5 Rxe5 {White resigns} 0-1

[Event "Team 45 45 League T67"]
[Site "Internet Chess Club"]
[Date "2015.12.13"]
[Round "2"]
[White "bradleyguo175"]
[Black "Beetlejuice"]
[Result "0-1"]
[WhiteElo "1625"]
[BlackElo "1760"]
[Opening "Dutch with c4 & Nc3"]
[ECO "A87"]
[Time "09:10:47"]
[TimeControl "2700+45"]

1. d4 f5 2. c4 Nf6 3. Nc3 g6 4. Nf3 Bg7 5. g3 d6 6. Bg2 O-O 7. O-O Qe8 8. Re1
Qf7 9. b3 c5 10. Bb2 Na6 11. Ng5 Qe8 12. Nd5 Rb8 13. Nf4 Nc7 14. d5 b5 15. Rb1
bxc4 16. bxc4 Rxb2 17. Rxb2 Ne4 18. Bxe4 Bxb2 19. Qb3 Bf6 20. Bxf5 Bxf5 21. h4
Qb8 22. Qxb8 Rxb8 23. e4 Bg4 24. f3 Bxg5 25. hxg5 Bxf3 26. Ne6 Nxe6 27. dxe6 Bg4
28. e5 Rb6 29. exd6 Rxd6 30. Rb1 Rd1+ 31. Rxd1 Bxd1 32. Kf2 Bg4 33. Ke3 Bxe6 34.
Kd3 Bf5+ 35. Ke3 Kf7 36. Kd2 Ke6 37. Ke3 Ke5 38. Kd2 Kd4 39. Ke2 e5 40. Kf3 e4+
41. Ke2 Kxc4 42. Ke3 Kc3 43. Ke2 c4 44. Ke3 Kb2 45. Ke2 c3 46. Kd1 c2+ 47. Kd2
c1=Q+ 48. Ke2 Bg4+ 49. Kf2 Qd2+ 50. Kg1 Bh3 51. Kh1 Qg2# {White checkmated} 0-1